 Dungeon Crawl Stone Soup version 0.27-a0-531-gb72ec1a1b6 (webtiles) character file.

Game seed: 5301813858713654124

25 dolemite99 the Chiller (level 3, 0/25 HPs)
             Began as a Gnoll Ice Elementalist on Mar 6, 2021.
             Slain by a leopard gecko (5 damage)
             ... on level 2 of the Dungeon.
             The game lasted 00:01:34 (1321 turns).

dolemite99 the Chiller (Gnoll Ice Elementalist)     Turns: 1321, Time: 00:01:35

Health: 0/25       AC:  2    Str:  7    XL:     3   Next: 4%
Magic:  8/9        EV: 13    Int: 15    God:
Gold:   71         SH:  0    Dex: 12    Spells: 10/11 levels left

rFire    . . .     SeeInvis .   h - +0 dagger
rCold    . . .     Faith    .   (no shield)
rNeg     . . .     Spirit   .   a - +0 robe
rPois    .         Reflect  .   (no helmet)
rElec    .         Harm     .   (no cloak)
rCorr    .         Rampage  .   (no gloves)
Will     .....                  (no boots)
Stlth    ++........             (no amulet)
HPRegen  0.08/turn              (no ring)
MPRegen  0.11/turn              (no ring)

@: no status effects
A: fangs 1, strong nose, distributed training
a: no special abilities


You were on level 2 of the Dungeon.
You visited 1 branch of the dungeon, and saw 2 of its levels.

You collected 71 gold pieces.

Inventory:

Hand Weapons
 d - a +0 club
 h - a +0 dagger (weapon)
Missiles
 f - 16 stones
Armour
 a - a +0 robe (worn)
Scrolls
 c - 2 scrolls of identify {unknown}
 e - a scroll of immolation {unknown}
 g - a scroll of amnesia {unknown}
 i - a scroll of noise {unknown}
Potions
 b - 3 potions of curing {unknown}


   Skills:
 + Level 0.5 Fighting
 + Level 0.5 Short Blades
 + Level 0.5 Long Blades
 + Level 0.5 Axes
 + Level 0.5 Maces & Flails
 + Level 0.5 Polearms
 + Level 0.5 Staves
 + Level 0.5 Slings
 + Level 0.5 Bows
 + Level 0.5 Crossbows
 + Level 0.5 Throwing
 + Level 0.5 Armour
 + Level 4.5 Dodging
 + Level 4.1 Stealth
 + Level 0.5 Shields
 + Level 0.5 Unarmed Combat
 + Level 4.9 Spellcasting
 + Level 0.4 Conjurations
 + Level 0.4 Hexes
 + Level 0.4 Summonings
 + Level 0.4 Necromancy
 + Level 0.4 Translocations
 + Level 0.4 Transmutations
 + Level 0.4 Fire Magic
 + Level 7.0 Ice Magic
 + Level 0.4 Air Magic
 + Level 0.4 Earth Magic
 + Level 0.4 Poison Magic
 + Level 0.7 Invocations
 + Level 0.5 Evocations


You had 10 spell levels left.
You knew the following spells:

 Your Spells              Type           Power      Damage    Failure   Level
a - Freeze                Ice            100%       1d11      1%          1

Your spell library contained the following spells:

 Spells                   Type           Power      Damage    Failure   Level
 Frozen Ramparts          Ice            50%        1d7       2%          3
 Ozocubu's Armour         Ice            25%        N/A       2%          3
 Hailstorm                Conj/Ice       14%        3d5       34%         4
 Summon Ice Beast         Ice/Summ       14%        N/A       34%         4


Dungeon Overview and Level Annotations

Branches:
Dungeon (2/15)

Altars:

Annotations:
D:2 Sigmund


Innate Abilities, Weirdness & Mutations

You have very sharp teeth.
Your uncanny sense of smell can sniff out nearby items.
Your experience applies equally to all skills.


Message History

The goblin shouts!
Casting: Freeze (safe; 1% risk of failure)
Confirm with . or Enter, or press ? or * to list all spells.
Aiming: Freeze (safe; 1% risk of failure)
Press: ? - help, Shift-Dir - straight line, f - goblin
Aim: a goblin You freeze the goblin!
You kill the goblin!
Sigmund looks at you with fury. Sigmund gestures at you while chanting.
The magic dart hits you!
A goblin comes into view. It is wielding a +0 club.
Found a scroll labelled FAYPOM FEIQO.
A leopard gecko comes into view.
Found a yellow potion.
Found a scroll labelled HUGHI BEPOATO.
The goblin shouts!
The leopard gecko hisses angrily.
You see here a scroll labelled FAYPOM FEIQO.
c - 2 scrolls labelled FAYPOM FEIQO (gained 1)
The leopard gecko bites you. The leopard gecko bites you.
The leopard gecko bites you.
A rat comes into view.
The leopard gecko bites you.
You hit the leopard gecko but do no damage.
The leopard gecko bites you.
* * * LOW HITPOINT WARNING * * *
The leopard gecko misses you. The leopard gecko bites you.
* * * LOW HITPOINT WARNING * * *
The leopard gecko barely misses you.
Casting: Freeze (safe; 1% risk of failure)
Confirm with . or Enter, or press ? or * to list all spells.
Aiming: Freeze (safe; 1% risk of failure)
Press: ? - help, Shift-Dir - straight line, f - leopard gecko
Aim: a leopard gecko You freeze the leopard gecko.
The leopard gecko is almost dead.
The leopard gecko seems to slow down.
The leopard gecko bites you.
You die...

#.# #....#### .. #.#
##.###.#.## #.# ..#
##..# ##.#.# #.# .##
#...# #.#.## #.# .#
#.#.####.#@###.# #
######g#....####....#
###......#....# #..†.##
.#.g######....####.....#
.#.## #...rgl@......#
.#.## ##.#########..#
....## #.# #.## #.#..###
#.# #.# #.##.g.# ..#
##.# #. ###.###.# #..#
.. #..##.# #.## ..
##.##.## ##.# ..∆
#......#######g.#


You could see a leopard gecko (slow), a goblin and a rat.

Vanquished Creatures
  A dart slug (D:2)
  A leopard gecko (D:1)
  4 bats (D:1)
  A giant cockroach (D:1)
  4 goblins
  3 hobgoblins (D:1)
  A kobold (D:1)
  A frilled lizard (D:1)
  4 rats
20 creatures vanquished.

Notes
Turn   | Place    | Note
-------+----------+-------------------------------------------
     0 | D:1      | dolemite99 the Gnoll Ice Elementalist began the quest for
                  | the Orb.
     0 | D:1      | Reached XP level 1. HP: 13/13 MP: 6/6
   169 | D:1      | Reached XP level 2. HP: 19/19 MP: 2/7
  1214 | D:2      | Reached XP level 3. HP: 24/25 MP: 5/9
  1219 | D:2      | Noticed a phantom
  1251 | D:2      | Noticed Sigmund
  1321 | D:2      | Slain by a leopard gecko

Illustrated notes

Levels and vault maps discovered:
D:1:      psy_arrival_statuary, layout_loops_ring, minmay_misc_feat_columns
D:2:      layout_rooms, minivault_24, minmay_misc_feat_alley, uniq_sigmund

Action                   || total
-------------------------++-------
Melee: Dagger            ||     6
       Bite              ||     2
       Club              ||     1
 Cast: Freeze            ||    26
Armor: Robe              ||     2
Dodge: Dodged            ||    17

Table legend: (Time is in decaauts)
 A = Elapsed time spent in this place.
 B = Non-inter-level travel time spent in this place.
 C = Inter-level travel time spent in this place.
 D = Time resting spent in this place.
 E = Time spent auto-exploring this place.
 F = Levels seen in this place.
 G = Mean time per level.
                   A        B        C        D        E       F      G
               +--------+--------+--------+--------+--------+-----+--------+
         Total |   1320 |   1301 |     19 |    479 |    508 |   2 |  660.0 |
       Dungeon |   1320 |   1301 |     19 |    479 |    508 |   2 |  660.0 |
               +--------+--------+--------+--------+--------+-----+--------+

Top non-repeatable levels by time:
     D:1: 1176 daAuts
     D:2: 143 daAuts
